 Dungeon Crawl Stone Soup version 0.17-a0-1997-ga88ed7d (webtiles) character file.

151 Ordine the Skirmisher (level 5, -4/38 HPs)
             Began as an Octopode Fighter on Oct 8, 2015.
             Slain by a gnoll
             ... wielding a +0 spear
              (8 damage)
             ... on level 3 of the Dungeon.
             The game lasted 00:07:06 (2668 turns).

Ordine the Skirmisher (Octopode Fighter)            Turns: 2668, Time: 00:07:06

Health: -4/38      AC:  1    Str: 23    XL:     5   Next: 33%
Magic:  14/14      EV: 16    Int: 10    God:
Gold:   85         SH: 10    Dex: 18    Spells: 0 memorised, 4 levels left

rFire  . . .     SeeInvis .     a - +0 long sword
rCold  . . .     Clarity  .     b - +0 shield
rNeg   . . .     SustAt   .     (helmet restricted)
rPois  .         Gourm    .     (no amulet)
rElec  .         Spirit   .     p - +3 ring of strength
rCorr  .         Warding  .     s - ring of magical power
rMut   .         Stasis   .     (no ring)
MR     .....                    (no ring)
Stlth  ++++......               (no ring)
                                (no ring)
                                (no ring)
                                (no ring)

@: mighty, agile, not resistant to hostile enchantments, stealthy
A: almost no armour, amphibious, 8 rings, constrict 8, camouflage 1, gelatinous
body 1
a: no special abilities


You were on level 3 of the Dungeon.
You were hungry.

You visited 1 branch of the dungeon, and saw 3 of its levels.

You collected 85 gold pieces.

Inventory:

Hand Weapons
 a - a +0 long sword (weapon)
 o - a +0 blowgun
Missiles
 e - 6 needles of confusion
 g - 114 stones (quivered)
 i - 6 curare-tipped needles
 q - 46 poisoned needles
Armour
 b - a +0 shield (worn)
Jewellery
 p - a +3 ring of strength (left tentacle)
 s - a ring of magical power (right tentacle)
Scrolls
 l - 5 scrolls of identify
 r - 2 scrolls of amnesia
 t - a scroll of recharging
Potions
 c - a potion of might
 h - a potion of cancellation
 j - 2 potions of curing
Comestibles
 d - 2 bread rations
 f - 8 chunks of flesh
 m - 6 meat rations
 n - a slice of pizza


   Skills:
 + Level 4.7 Fighting
 + Level 3.9 Long Blades
 - Level 3.0 Dodging
 - Level 3.0 Shields


You had 4 spell levels left.
You didn't know any spells.

Dungeon Overview and Level Annotations

Branches:
Dungeon (3/15)

Altars:
Okawaru


Innate Abilities, Weirdness & Mutations

You cannot wear most types of armour.
You are amphibious.
You can wear up to eight rings at the same time.
You can use your tentacles to constrict eight enemies at once.
Your skin changes colour to match your surroundings (Stealth).
Your rubbery body absorbs attacks (AC +1).


Message History

You block the gnoll's attack.
You slash the gnoll!
You kill the gnoll!
The gnoll hits you from afar with a spear!
* * * LOW HITPOINT WARNING * * *
The gnoll barely misses you.
A goblin comes into view. It is wielding a hunting sling.
Unknown command.
You are too injured to fight recklessly!
Drink which item? (? for menu, Esc to quit)
You feel better.
The gnoll hits you from afar with a spear.
* * * LOW HITPOINT WARNING * * *
The hobgoblin hits you but does no damage.
The gnoll hits you from afar with a spear.
* * * LOW HITPOINT WARNING * * *
Drink which item? (? for menu, Esc to quit)
You feel agile all of a sudden.
The gnoll hits you from afar with a spear!
You die...

≈≈≈≈≈≈≈≈≈≈≈≈≈≈≈≈≈.....≈≈≈≈≈≈≈≈≈≈≈
≈≈≈≈≈≈≈≈≈≈≈≈≈≈≈≈≈....≈≈≈≈≈≈≈≈≈≈≈≈
≈≈≈≈≈≈≈≈≈≈≈≈≈≈≈≈.....≈≈≈≈≈≈≈≈≈≈≈≈
##################''#############
. #..(.# ... #..).#
..(..#########....##
...........g#...)..#
.........gggg@.....+
...........g#......#
..gg.#########....## ...(. #....#
.!.. #....# ### ######


You could see 3 gnolls, 2 hobgoblins and a goblin.

Vanquished Creatures
  An orc priest (D:2)
  A gnoll (D:3)
  4 adders
  2 worms (D:2)
  2 giant geckos
  3 orcs
  7 bats
  6 giant cockroaches
  8 hobgoblins
  8 jackals
  4 kobolds
  2 giant newts
  7 goblins
  A quokka (D:2)
  3 rats (D:2)
59 creatures vanquished.

Notes
Turn   | Place    | Note
--------------------------------------------------------------
     0 | D:1      | Ordine the Octopode Fighter began the quest for the Orb.
     0 | D:1      | Reached XP level 1. HP: 16/16 MP: 1/1
    69 | D:1      | Reached XP level 2. HP: 7/21 MP: 2/2
   495 | D:1      | Found an iron altar of Okawaru.
   903 | D:2      | Reached XP level 3. HP: 22/26 MP: 3/3
  1304 | D:2      | Reached skill level 4 in Fighting
  1544 | D:2      | Reached XP level 4. HP: 31/33 MP: 4/4
  2366 | D:3      | Reached XP level 5. HP: 35/38 MP: 5/5
  2668 | D:3      | Slain by a gnoll

Vault maps used:
D:1:      tarquinn_simple_flora_water_f, okawaru_ov_weapons_minmay
D:2:      first_bread
D:3:      minmay_goblin_kobold_castle, minmay_misc_feat_hallway

Action                   |  1- 3 |  4- 6 || total
-------------------------+-------+-------++-------
Melee: Long sword        |    54 |    58 ||   112
Throw: Stone             |       |     5 ||     5
  Use: Scroll            |     8 |     1 ||     9
       Potion            |       |     3 ||     3
 Stab: Sleeping          |     7 |     6 ||    13
  Eat: Chunk             |     2 |     3 ||     5
